Cogmind - Beta 11.1 @@@ ROGUE MODE // 2022.07.10 @ 11:05:43 Player: aperiodic Result: Destroyed by H-77 Assassin with High-powered Shotgun Performance ------------- Evolutions (7) 3500 Regions Visited (28) 5600 Robots Destroyed (64) 320 Value Destroyed (1676) 1676 Prototype IDs (144) 2880 Alien Tech Used (9) 1800 Bonus (8258) 8258 TOTAL SCORE: 24034 Bonus ------- Triggered Max Security 2000 Follower Combat Kills 358 Aligned with FarCom 300 Met Data Miner 300 Met Zhirov 300 Met Warlord at Base 500 MAIN.C Attacked Warlord 500 Used Core Reset Matrix 3000 Scanned by Researcher 500 Pursued by Intercept 500 Cogmind --------- Core Integrity 0/1300 Matter 300/300 Energy 100/100 System Corruption 6% Temperature Cool (0) Movement Core (50) Location -3/Section 7 Parts ------- > --- POWER (2) -------- (None) > --- PROPULSION (5) --- (None) > --- UTILITY (12) ----- Advanced Hacking Suite Advanced System Shield > --- WEAPON (2) ------- (None) > --- INVENTORY (5) ---- Micro Antimatter Reactor Core Cannon Sigix Shearcannon Peak State ------------ > --- POWER ------------ Mini Fusion Reactor Micro Antimatter Reactor > --- PROPULSION ------- Cooled Impulse Thruster Cooled Impulse Thruster Cooled Q-thruster Cooled Q-thruster Experimental Q-thruster > --- UTILITY ---------- Experimental Cooling System Medium Storage Unit Experimental Energy Well Advanced Quantum Shading Machine Structural Scanner Experimental Reaction Control System Experimental Cloaking Device Improved Propulsion Shielding Advanced Hacking Suite Advanced Hacking Suite Advanced Hacking Suite Advanced System Shield > --- WEAPON ----------- Sigix Broadsword > --- INVENTORY -------- Experimental Q-thruster Improved Power Shielding Experimental Utility Shielding Transdimensional Reconstructor Transdimensional Reconstructor High-powered Transdimensional Reconstructor Integrated Mediator Latent Energy Streamer Core Cannon [Rating: 179] Favorites ----------- Power Enhanced Nuclear Core Engine Light Deuterium Engine Power Core Enhanced Nuclear Core Reactor Heavy Antimatter Reactor Propulsion Cooled Impulse Thruster Flight Unit Cooled Impulse Thruster Utility Advanced Hacking Suite Device Structural Scanner Storage Medium Storage Unit Processor Visual Processing Unit Hackware Advanced Hacking Suite Protection Experimental Utility Shielding Weapon Light Assault Rifle Energy Gun EM Pulse Gun Energy Cannon Long-range Phase Cannon Ballistic Gun Light Assault Rifle Launcher Mini Smartbomb Launcher Impact Weapon Heavy Mace Slashing Weapon Makeshift Axe Build | -11 -10 -10 -10 -9 -8 -7 -7 -7 -7 -6 -6 -6 -6 -6 -5 -5 -5 -5 -5 -4 -4 -4 -4 -4 -3 -3 -3 -3 ------- Run | Scr Mat Min Exi Min Mat Fac Low Low Zio Pro Fac Low Low Dat Pro Fac Upp Upp Zhi Pro Fac Upp Upp War Pro Res Qua Sec Slots Evolved 14 | . . . . . 4 2 . . . . 2 . . . . 2 . . . . 2 . . . . 2 . . Power 1 | . . . . . . . . . . . . . . . . . . . . . . . . . . 1 . . Propulsion 3 | . . . . . 2 1 . . . . . . . . . . . . . . . . . . . . . . Utility 10 | . . . . . 2 1 . . . . 2 . . . . 2 . . . . 2 . . . . 1 . . Weapon . | . . . . . . . . . . . . . . . . . . . . . . . . . . . . . Parts Attached 201 | 5 4 . . 6 8 11 2 . 5 5 30 1 . . 4 36 . 2 5 12 12 . . 9 2 23 9 10 Power 18 | 2 . . . 1 1 1 . . . . . . . . . 3 . . 1 . . . . . . 7 1 1 Engine 4 | 2 . . . 1 1 . . . . . . . . . . . . . . . . . . . . . . . Core 3 | . . . . . . 1 . . . . . . . . . 2 . . . . . . . . . . . . Reactor 11 | . . . . . . . . . . . . . . . . 1 . . 1 . . . . . . 7 1 1 Propulsion 34 | . . . . 2 1 5 . . . . 7 . . . . 7 . . . 2 5 . . 2 . 1 1 1 Treads . | . . . . . . . . . . . . . . . . . . . . . . . . . . . . . Leg . | . . . . . . . . . . . . . . . . . . . . . . . . . . . . . Wheel . | . . . . . . . . . . . . . . . . . . . . . . . . . . . . . Hover . | . . . . . . . . . . . . . . . . . . . . . . . . . . . . . Flight 34 | . . . . 2 1 5 . . . . 7 . . . . 7 . . . 2 5 . . 2 . 1 1 1 Utility 82 | 1 . . . 1 2 4 2 . 3 1 12 1 . . 4 15 . . 3 1 5 . . 5 . 13 3 6 Device 40 | . . . . 1 1 2 2 . 2 1 5 . . . 2 8 . . 2 1 2 . . 3 . 5 2 1 Storage 5 | 1 . . . . . . . . . . . . . . . 1 . . . . . . . . . 1 1 1 Processor 3 | . . . . . 1 1 . . . . . . . . . . . . . . . . . 1 . . . . Hackware 11 | . . . . . . 1 . . . . 4 . . . . 4 . . . . 1 . . . . 1 . . Protection 23 | . . . . . . . . . 1 . 3 1 . . 2 2 . . 1 . 2 . . 1 . 6 . 4 Artifact . | . . . . . . . . . . . . . . . . . . . . . . . . . . . . . Weapon 67 | 2 4 . . 2 4 1 . . 2 4 11 . . . . 11 . 2 1 9 2 . . 2 2 2 4 2 Energy Gun 6 | 2 4 . . . . . . . . . . . . . . . . . . . . . . . . . . . Energy Cannon 21 | . . . . . . . . . . . 5 . . . . 6 . . . 5 1 . . 1 . 1 1 1 Ballistic Gun 8 | . . . . 2 1 . . . 1 . 1 . . . . 1 . . 1 . . . . . . 1 . . Ballistic Cannon . | . . . . . . . . . . . . . . . . . . . . . . . . . . . . . Launcher 6 | . . . . . 1 . . . . 2 . . . . . . . 1 . . . . . . 1 . 1 . Special Weapon . | . . . . . . . . . . . . . . . . . . . . . . . . . . . . . Impact Weapon 2 | . . . . . 2 . . . . . . . . . . . . . . . . . . . . . . . Slashing Weapon 24 | . . . . . . 1 . . 1 2 5 . . . . 4 . 1 . 4 1 . . 1 1 . 2 1 Piercing Weapon . | . . . . . . . . . . . . . . . . . . . . . . . . . . . . . Special Melee Weapon . | . . . . . . . . . . . . . . . . . . . . . . . . . . . . . Unidentified Prototypes 19 | . . . . . . 2 . . 1 . . . . . . 6 . . 3 1 . . . 3 . 2 1 . Corrupted Parts 7 | . . . . . . . . . . . . . . . . 5 . . . 2 . . . . . . . . System Corruption 57 | . . . . . . . . . . . . . . . . 39 . . . 18 . . . . . . . . Parts Lost 18 | . . . . . . . . . . . . . . . . . . . . . 1 . . . . . . 17 Power 1 | . . . . . . . . . . . . . . . . . . . . . . . . . . . . 1 Propulsion 5 | . . . . . . . . . . . . . . . . . . . . . . . . . . . . 5 Utility 11 | . . . . . . . . . . . . . . . . . . . . . 1 . . . . . . 10 Weapon 1 | . . . . . . . . . . . . . . . . . . . . . . . . . . . . 1 Highest Loss Streak 16 | . . . . . . . . . . . . . . . . . . . . . 1 . . . . . . 16 To Critical Strikes . | . . . . . . . . . . . . . . . . . . . . . . . . . . . . . Average Slot Usage (%) 93 | . 29 14 14 31 72 92 92 92 96 100 99 100 100 100 100 99 100 100 92 100 99 100 100 100 100 98 97 91 Core 2 | . . . . . . 4 7 7 7 7 6 6 6 6 6 4 . . . . . . . . . . . . Reactor 2 | . . . . . . . . . . . . . . . . . 5 5 5 5 5 5 5 5 5 7 9 8 Flight 27 | . . . . 7 27 35 38 38 38 38 33 33 33 33 33 29 29 29 29 29 26 26 26 26 26 23 23 22 Device 18 | . . . . 13 14 18 18 23 25 30 19 14 13 13 14 18 17 17 15 17 14 15 15 19 21 17 18 21 Storage 2 | . . . . . . . . . . . . . . . . 4 5 5 5 5 5 5 5 5 5 4 4 7 Processor 1 | . . . . . 3 14 12 7 3 . . . . . . . . . . . . . . . . . . . Hackware 19 | . . . . . . 3 7 7 7 7 23 26 26 26 26 25 29 29 29 29 30 31 31 27 26 24 23 19 Protection 3 | . . . . . . . . . . . 2 4 6 6 5 1 . . . . 5 5 5 5 5 8 8 4 Ballistic Gun 4 | . . . . 6 12 3 . . 4 7 5 6 6 6 6 4 5 5 . 5 5 5 5 5 5 3 1 . Slashing Weapon 3 | . . . . . . 3 7 7 7 6 5 6 6 6 6 4 5 5 5 4 3 5 5 4 . . 1 3 Naked Turns . | . . . . . . . . . . . . . . . . . . . . . . . . . . . . . Heaviest Build 57 | 11 7 3 3 6 11 17 16 16 25 23 28 23 17 17 23 40 35 35 35 35 44 38 38 46 39 57 48 45 Greatest Support 71 | 3 3 3 3 8 12 26 26 26 26 26 28 26 26 26 26 45 39 39 39 58 62 42 42 49 42 59 71 59 Greatest Overweight (x) 3 | 3 2 . . . . 1 . . . . 1 . . . . 1 . . . . . . . 1 . 1 . . Average Overweight (x) . | . . . . . . . . . . . . . . . . . . . . . . . . . . . . . Largest Inventory Capacity 10 | 8 5 5 5 5 5 5 5 5 5 5 5 5 5 5 5 10 10 10 10 10 10 10 10 10 10 10 10 10 Average Capacity 7 | 6 5 5 5 5 5 5 5 5 5 5 5 5 5 5 5 9 10 10 10 10 10 10 10 10 10 10 10 9 Most Carried 10 | 2 2 2 5 5 5 5 5 5 5 5 5 5 5 5 5 10 10 10 10 10 10 9 9 10 10 10 10 10 Average Carried 7 | 1 . 2 4 4 4 4 4 5 4 4 4 5 5 5 5 7 9 10 10 9 8 9 9 9 10 9 9 7 Final Capacity 10 | 5 5 5 5 5 5 5 5 5 5 5 5 5 5 5 5 10 10 10 10 10 10 10 10 10 10 10 10 5 Final Carried 10 | 2 2 2 5 5 5 5 5 5 5 5 5 5 5 5 5 10 10 10 10 10 9 9 9 10 10 10 10 5 Class Distribution -------------------- 41% | Wizard-Sprinter 28% | Hacker-Sprinter 5% | Scout 5% | Mutant 4% | Infiltrator-Sprinter 4% | Sprinter 3% | Scavenger-Scout Dominant Class ---------------- Mutant | -10/Materials Mutant | -10/Mines Mutant | -10/Exiles Mutant | -9/Mines Scavenger-Mutant | -8/Materials Scout | -7/Factory Sprinter | -7/Lower Caves Sprinter | -7/Lower Caves Infiltrator-Sprinter | -7/Zion Infiltrator-Sprinter | -6/Proximity Caves Hacker-Sprinter | -6/Factory Hacker-Sprinter | -6/Lower Caves Hacker-Sprinter | -6/Lower Caves Hacker-Sprinter | -6/Data Miner Hacker-Sprinter | -5/Proximity Caves Wizard-Sprinter | -5/Factory Wizard-Mutant | -5/Upper Caves Wizard-Sprinter | -5/Upper Caves Wizard-Sprinter | -5/Zhirov Wizard-Sprinter | -4/Proximity Caves Wizard-Sprinter | -4/Factory Wizard-Sprinter | -4/Upper Caves Wizard-Sprinter | -4/Upper Caves Wizard-Sprinter | -4/Warlord Wizard-Sprinter | -3/Proximity Caves Wizard-Sprinter | -3/Research Wizard-Sprinter | -3/Quarantine Hacker-Sprinter | -3/Section 7 Resources | -11 -10 -10 -10 -9 -8 -7 -7 -7 -7 -6 -6 -6 -6 -6 -5 -5 -5 -5 -5 -4 -4 -4 -4 -4 -3 -3 -3 -3 ----------- Run | Scr Mat Min Exi Min Mat Fac Low Low Zio Pro Fac Low Low Dat Pro Fac Upp Upp Zhi Pro Fac Upp Upp War Pro Res Qua Sec Matter Collected 2611 | 218 52 . . 80 72 161 . 20 40 102 280 31 . . 20 380 8 45 . 30 261 46 . . 55 444 124 142 Remotely . | . . . . . . . . . . . . . . . . . . . . . . . . . . . . . Salvage Created 2109 | . 141 . . . 72 132 . . . 27 475 44 . . . 218 . 54 . . 261 . . . 153 345 . 187 Parts 146 | . 8 . . . 1 3 . . . 5 41 3 . . . 13 . 7 . . 19 . . . 12 20 . 14 Haulers Intercepted 7 | . 1 . . . 1 2 . . . . 1 . . . . 1 . . . . . . . . . 1 . . Recyclers Shooed . | . . . . . . . . . . . . . . . . . . . . . . . . . . . . . Parts Field Recycled . | . . . . . . . . . . . . . . . . . . . . . . . . . . . . . Retrieved Matter . | . . . . . . . . . . . . . . . . . . . . . . . . . . . . . Parts Self-Destructed 55 | . . . . . . . . 7 . 10 . 5 6 . 10 . 3 6 . . . . . . 8 . . . Prevented 4 | . . . . . . . . 1 . . . . . . . . 3 . . . . . . . . . . . Kills | -11 -10 -10 -10 -9 -8 -7 -7 -7 -7 -6 -6 -6 -6 -6 -5 -5 -5 -5 -5 -4 -4 -4 -4 -4 -3 -3 -3 -3 ------- Run | Scr Mat Min Exi Min Mat Fac Low Low Zio Pro Fac Low Low Dat Pro Fac Upp Upp Zhi Pro Fac Upp Upp War Pro Res Qua Sec Combat Hostiles Destroyed 21 | . 2 . . . 1 . . . . 3 . 1 . . . . . 4 . . . . . . 10 . . . Melee 1 | . . . . . . . . . . . . 1 . . . . . . . . . . . . . . . . AOE 19 | . 1 . . . 1 . . . . 3 . . . . . . . 4 . . . . . . 10 . . . Classes Destroyed 11 | . 2 . . . . 1 . . . 1 3 1 . . . . . . . . 1 . . . . . . 2 Worker 7 | . . . . . . . . . . . 2 . . . . . . . . . 3 . . . . 2 . . Builder 10 | . . . . . . . . . . . 5 . . . . 1 . . . . . . . . . 4 . . Hauler 7 | . 1 . . . 1 2 . . . . 1 . . . . 1 . . . . . . . . . 1 . . Recycler 3 | . . . . . . . . . . . 1 . . . . . . . . . 1 . . . . 1 . . Mechanic 1 | . . . . . . . . . . . . . . . . . . . . . 1 . . . . . . . Operator 1 | . . . . . . . . . . . . . . . . . . . . . . . . . . . . 1 Watcher 11 | . . . . . . 1 . . . . 4 . . . . 4 . . . . 2 . . . . . . . Swarmer 15 | . . . . . . . . . . 3 . . . . . . . 4 . . . . . . 8 . . . Grunt 3 | . 2 . . . 1 . . . . . . . . . . . . . . . . . . . . . . . Researcher 3 | . . . . . . . . . . . . . . . . . . . . . . . . . . . . 3 Programmer 3 | . . . . . . . . . . . . 1 . . . . . . . . . . . . 2 . . . Best Kill Streak 5 | . 2 . . . 2 1 . . . 3 2 1 . . . 1 . 4 . . 4 . . . 5 2 . 1 Combat Bots Only 5 | . 2 . . . 1 . . . . 3 . 1 . . . . . 4 . . . . . . 5 . . . Max Kills in Single Turn 4 | . 1 . . . 1 1 . . . 2 1 1 . . . 1 . 4 . . 1 . . . 3 1 . 1 Gunslinging . | . . . . . . . . . . . . . . . . . . . . . . . . . . . . . Exploded 4 | . 1 . . . 1 . . . . 2 . . . . . . . 4 . . . . . . 3 . . . Melee 1 | . . . . . . . . . . . . 1 . . . . . . . . . . . . . . . . Uniques/NPCs Destroyed . | . . . . . . . . . . . . . . . . . . . . . . . . . . . . . Combat | -11 -10 -10 -10 -9 -8 -7 -7 -7 -7 -6 -6 -6 -6 -6 -5 -5 -5 -5 -5 -4 -4 -4 -4 -4 -3 -3 -3 -3 -------- Run | Scr Mat Min Exi Min Mat Fac Low Low Zio Pro Fac Low Low Dat Pro Fac Upp Upp Zhi Pro Fac Upp Upp War Pro Res Qua Sec Damage Taken 4396 | . 187 . . 5 . . . 48 . 20 107 15 19 . . 94 20 114 . . 159 . 46 . 48 304 399 2811 Core 1247 | . 86 . . 2 . . . . . 20 20 . 19 . . 22 . 15 . . . . 25 . . 45 16 977 Absorbed by Shields . | . . . . . . . . . . . . . . . . . . . . . . . . . . . . . Redirected to Shielding 408 | . . . . . . . . . . . . . . . . 11 . . . . . . . . 42 62 130 163 Regen/Repaired (Parts) 743 | . . . . . . . . . . . 29 . . . . 58 . . . . 22 . . . . 156 94 384 Core Remaining (%) 92 | 100 . . . 64 100 . . . . 97 . . . . 95 . . . . 96 . . . . 97 . . . Volleys Fired 208 | . 11 . . . 8 . . . . 3 12 . . . . 14 . 2 . 11 6 . . 8 8 108 16 1 Largest 2 | . 2 . . . 2 . . . . 1 1 . . . . 1 . 1 . 1 1 . . 1 1 2 1 1 Hottest 300 | . 80 . . . 40 . . . . 39 85 . . . . 90 . 80 . 98 98 . . 105 80 125 300 300 Shots Fired 230 | . 22 . . . 13 . . . . 3 12 . . . . 14 1 1 . 9 6 . . 8 8 116 16 1 Gun 42 | . 22 . . . 10 . . . . . 1 . . . . . 1 . . . . . . . . 8 . . Cannon 173 | . . . . . . . . . . . 11 . . . . 14 . . . 9 6 . . 8 . 108 16 1 Launcher 15 | . . . . . 3 . . . . 3 . . . . . . . 1 . . . . . . 8 . . . Special . | . . . . . . . . . . . . . . . . . . . . . . . . . . . . . Kinetic 20 | . . . . . 10 . . . . . 1 . . . . . 1 . . . . . . . . 8 . . Thermal 173 | . . . . . . . . . . . 11 . . . . 14 . . . 9 6 . . 8 . 108 16 1 Explosive 15 | . . . . . 3 . . . . 3 . . . . . . . 1 . . . . . . 8 . . . Electromagnetic 22 | . 22 . . . . . . . . . . . . . . . . . . . . . . . . . . . Robot Hit Streak 9 | . 4 . . . 1 . . . . . 2 . . . . . . 3 . . . . . . 8 9 2 . Robot Miss Streak 3 | . 3 . . . 2 . . . . . . . . . . . . . . . . . . . . 3 . . Penetration Max . | . . . . . . . . . . . . . . . . . . . . . . . . . . . . . Secondary Targets . | . . . . . . . . . . . . . . . . . . . . . . . . . . . . . Shots Hit Robots 96 | . 14 . . . 5 9 . . . . 18 3 . . . 10 . 1 . . 11 . . . 5 15 1 4 Core Hits 63 | . 3 . . . 5 1 . . . 5 8 1 . . . 4 . 4 . . 5 . . . 15 10 . 2 Critical Kills 1 | . . . . . . . . . . . . . . . . . . . . . . . . . . 1 . . Critical Parts Destroyed 1 | . . . . . 1 . . . . . . . . . . . . . . . . . . . . . . . Critical Strikes 5 | . . . . . 1 1 . . . . 1 . . . . . . . . . 1 . . . . 1 . . Meltdown 1 | . . . . . . . . . . . . . . . . . . . . . . . . . . 1 . . Smash 1 | . . . . . 1 . . . . . . . . . . . . . . . . . . . . . . . Sever 3 | . . . . . . 1 . . . . 1 . . . . . . . . . 1 . . . . . . . Melee Attacks 197 | . . . . . 3 35 . . 1 2 58 6 2 . 2 24 . 1 . 6 18 1 3 . . 8 4 23 Impact 15 | . . . . . 3 12 . . . . . . . . . . . . . . . . . . . . . . Slashing 182 | . . . . . . 23 . . 1 2 58 6 2 . 2 24 . 1 . 6 18 1 3 . . 8 4 23 Piercing . | . . . . . . . . . . . . . . . . . . . . . . . . . . . . . Sneak Attacks 25 | . . . . . 1 2 . . . . 9 . . . . 4 . . . . 5 . . . . . . 4 Combat Hostiles . | . . . . . . . . . . . . . . . . . . . . . . . . . . . . . Follow-up Attacks . | . . . . . . . . . . . . . . . . . . . . . . . . . . . . . Damage Inflicted 6982 | . 253 . . 6 262 665 . . . 101 1155 146 . . . 593 . 299 . . 734 . . . 1367 518 38 845 Guns 245 | . 185 . . . 35 . . . . . 9 . . . . . . . . . . . . . . 16 . . Cannons 540 | . . . . . . . . . . . . . . . . . . . . . . . . . . 502 38 . Explosions 1936 | . 68 . . . 101 . . . . 101 . . . . . . . 299 . . . . . . 1367 . . . Melee 4253 | . . . . . 126 665 . . . . 1146 146 . . . 593 . . . . 734 . . . . . . 843 Ramming 8 | . . . . 6 . . . . . . . . . . . . . . . . . . . . . . . 2 Kinetic 60 | . . . . . 35 . . . . . 9 . . . . . . . . . . . . . . 16 . . Thermal 608 | . 68 . . . . . . . . . . . . . . . . . . . . . . . . 502 38 . Explosive 1868 | . . . . . 101 . . . . 101 . . . . . . . 299 . . . . . . 1367 . . . Electromagnetic 185 | . 185 . . . . . . . . . . . . . . . . . . . . . . . . . . . Impact 126 | . . . . . 126 . . . . . . . . . . . . . . . . . . . . . . . Slashing 4127 | . . . . . . 665 . . . . 1146 146 . . . 593 . . . . 734 . . . . . . 843 Piercing . | . . . . . . . . . . . . . . . . . . . . . . . . . . . . . Highest Corruption 57 | . . . . . . . . . . . 2 . . . . 39 39 39 39 57 . . . . . 3 3 6 Average Corruption 10 | . . . . . . . . . . . 1 . . . . 32 39 39 39 39 . . . . . 3 1 2 Corruption Purged 2 | . . . . . . . . . . . 2 . . . . . . . . . . . . . . . . . Corruption Blocked . | . . . . . . . . . . . . . . . . . . . . . . . . . . . . . Effects 46 | . . . . . . . . . . . 1 . . . . 3 5 3 3 13 . . . . . 11 1 6 Message Errors 6 | . . . . . . . . . . . . . . . . . . . . 3 . . . . . 1 . 2 Matter Fused 8 | . . . . . . . . . . . . . . . . . 1 . 1 3 . . . . . 1 . 2 Heat Flow Errors 7 | . . . . . . . . . . . . . . . . 1 1 1 . 1 . . . . . 1 1 1 Energy Discharges 9 | . . . . . . . . . . . . . . . . . 1 . 2 3 . . . . . 2 . 1 Data Loss (minor) 4 | . . . . . . . . . . . 1 . . . . 1 1 1 . . . . . . . . . . Data Loss (major) 3 | . . . . . . . . . . . . . . . . . . . . 1 . . . . . 2 . . Misfires 3 | . . . . . . . . . . . . . . . . . 1 . . . . . . . . 2 . . Alerts 2 | . . . . . . . . . . . . . . . . . . . . . . . . . . 2 . . Misdirections 1 | . . . . . . . . . . . . . . . . 1 . . . . . . . . . . . . Weapon Failures 3 | . . . . . . . . . . . . . . . . . . 1 . 2 . . . . . . . . Overload Shots . | . . . . . . . . . . . . . . . . . . . . . . . . . . . . . Overflow Damage 1439 | . . . . . 126 232 . . . . 405 9 . . . 85 . . . . 117 . . . 42 11 . 412 Projectiles 11 | . . . . . . . . . . . . . . . . . . . . . . . . . . 11 . . Explosions 42 | . . . . . . . . . . . . . . . . . . . . . . . . . 42 . . . Melee 1386 | . . . . . 126 232 . . . . 405 9 . . . 85 . . . . 117 . . . . . . 412 Knockbacks . | . . . . . . . . . . . . . . . . . . . . . . . . . . . . . Impact . | . . . . . . . . . . . . . . . . . . . . . . . . . . . . . Kinetic . | . . . . . . . . . . . . . . . . . . . . . . . . . . . . . Secondary . | . . . . . . . . . . . . . . . . . . . . . . . . . . . . . Self-Inflicted Damage 4 | . . . . 3 . . . . . . . . . . . . . . . . . . . . . . . 1 Shots . | . . . . . . . . . . . . . . . . . . . . . . . . . . . . . Rammed 2 | . . . . 1 . . . . . . . . . . . . . . . . . . . . . . . 1 Targets Rammed 2 | . . . . 1 . . . . . . . . . . . . . . . . . . . . . . . 1 Kicked . | . . . . . . . . . . . . . . . . . . . . . . . . . . . . . Crushed . | . . . . . . . . . . . . . . . . . . . . . . . . . . . . . Highest Temperature 338 | . 180 . . . . . 5 12 30 4 120 . 1 . . 98 . 86 . 196 71 . . 282 46 272 338 250 Average Temperature 69 | . 70 . . . . . 5 11 15 4 60 . 1 . . 34 . 40 . 76 27 . . 133 19 75 133 123 Received Heat Transfer 602 | . 102 . . . . . . 12 . 9 36 . 9 . . 27 9 . . . 9 . . . . 21 9 359 Effects 6 | . . . . . . . . . . . . . . . . . . . . . . . . . . 5 1 . Energy Bleed 3 | . . . . . . . . . . . . . . . . . . . . . . . . . . 2 1 . Interference 3 | . . . . . . . . . . . . . . . . . . . . . . . . . . 3 . . Siege Activations . | . . . . . . . . . . . . . . . . . . . . . . . . . . . . . Robots Corrupted 1 | . 1 . . . . . . . . . . . . . . . . . . . . . . . . . . . Combat Hostiles 1 | . 1 . . . . . . . . . . . . . . . . . . . . . . . . . . . Parts Fried . | . . . . . . . . . . . . . . . . . . . . . . . . . . . . . Impact Corruptions 1 | . . . . . 1 . . . . . . . . . . . . . . . . . . . . . . . Robots Melted 1 | . . . . . . . . . . . . . . . . . . . . . . . . . . 1 . . Combat Hostiles . | . . . . . . . . . . . . . . . . . . . . . . . . . . . . . Parts Melted . | . . . . . . . . . . . . . . . . . . . . . . . . . . . . . Heat Transferred 605 | . 50 . . . . . . . . . . . . . . . . . . . . . . . . 518 37 . Parts Sabotaged 1 | . . . . . . . . . . . . . . . . . . . . . . . . . . . 1 . Parts Stolen . | . . . . . . . . . . . . . . . . . . . . . . . . . . . . . Parts Stripped . | . . . . . . . . . . . . . . . . . . . . . . . . . . . . . Power Chain Reactions 1 | . 1 . . . . . . . . . . . . . . . . . . . . . . . . . . . Missiles Intercepted . | . . . . . . . . . . . . . . . . . . . . . . . . . . . . . Alert | -11 -10 -10 -10 -9 -8 -7 -7 -7 -7 -6 -6 -6 -6 -6 -5 -5 -5 -5 -5 -4 -4 -4 -4 -4 -3 -3 -3 -3 ------- Run | Scr Mat Min Exi Min Mat Fac Low Low Zio Pro Fac Low Low Dat Pro Fac Upp Upp Zhi Pro Fac Upp Upp War Pro Res Qua Sec Peak Influence 2631 | . 141 54 . 93 141 242 . . . . 338 . . . . 241 . . . . 137 . . . . 342 2157 2631 Initial 1212 | . . 54 . . 35 63 . . . . 140 . . . . 84 . . . . . . . . . 150 90 1212 Average 293 | . 83 54 . 30 98 106 . . . . 115 . . . . 79 . . . . 80 . . . . 124 1773 2101 Maximum Alert Level 5 | . . . . . . 1 . . . . 1 . . . . 1 . . . . . . . . . 1 5 5 Low Security (%) 79 | 100 100 100 . 100 100 90 . . . . 79 . . . . 87 . . . . 100 . . . . 89 . . Level 1 10 | . . . . . . 9 . . . . 20 . . . . 12 . . . . . . . . . 10 . . Level 2 . | . . . . . . . . . . . . . . . . . . . . . . . . . . . . . Level 3 . | . . . . . . . . . . . . . . . . . . . . . . . . . . . . . Level 4 . | . . . . . . . . . . . . . . . . . . . . . . . . . . . . . Level 5 . | . . . . . . . . . . . . . . . . . . . . . . . . . . . . . High Security . | . . . . . . . . . . . . . . . . . . . . . . . . . . . . . Max Security 10 | . . . . . . . . . . . . . . . . . . . . . . . . . . . 99 99 Squads Dispatched 88 | . 1 . . . . 8 . . . . 8 . . . . 8 . . . . 2 . . . . 14 13 34 Investigation 25 | . . . . . . 5 . . . . 5 . . . . 5 . . . . 2 . . . . 8 . . Extermination 10 | . . . . . . 2 . . . . 3 . . . . 2 . . . . . . . . . 3 . . Reinforcement 8 | . 1 . . . . 1 . . . . . . . . . 1 . . . . . . . . . 3 . 2 Assault 43 | . . . . . . . . . . . . . . . . . . . . . . . . . . . 13 30 Garrison . | . . . . . . . . . . . . . . . . . . . . . . . . . . . . . Intercept 2 | . . . . . . . . . . . . . . . . . . . . . . . . . . . . 2 Searches Triggered . | . . . . . . . . . . . . . . . . . . . . . . . . . . . . . Data Miner Redirects 7 | . . . . . . . . . . . . . . . . 3 . . . . . . . . . 4 . . Construction Impeded . | . . . . . . . . . . . . . . . . . . . . . . . . . . . . . Haulers Reinforced 1 | . . . . . . 1 . . . . . . . . . . . . . . . . . . . . . . Active Scanning Responses . | . . . . . . . . . . . . . . . . . . . . . . . . . . . . . Cargo Convoy Interrupts 1 | . . . . . . . . . . . . . . . . 1 . . . . . . . . . . . . Stealth | -11 -10 -10 -10 -9 -8 -7 -7 -7 -7 -6 -6 -6 -6 -6 -5 -5 -5 -5 -5 -4 -4 -4 -4 -4 -3 -3 -3 -3 --------- Run | Scr Mat Min Exi Min Mat Fac Low Low Zio Pro Fac Low Low Dat Pro Fac Upp Upp Zhi Pro Fac Upp Upp War Pro Res Qua Sec Distress Signals 13 | . . . . . . 1 . . . . . . . . . 2 . . . . 1 . . . . 2 . 7 Communications Jammed . | . . . . . . . . . . . . . . . . . . . . . . . . . . . . . Distress Signals . | . . . . . . . . . . . . . . . . . . . . . . . . . . . . . Times Spotted 446 | . 10 . . 1 2 8 4 11 . 6 17 1 2 . 5 17 4 4 . . 7 . 4 . 10 20 40 273 Peak Tracking Total 41 | . 7 . . 4 1 5 4 7 . 3 4 1 4 . 3 6 4 4 . . 3 . 4 . 5 6 25 41 Tactical Retreats 35 | . . . . 1 . 2 . 5 . 1 2 . 2 . 2 5 . . . . 2 . . . . 5 5 3 Traps | -11 -10 -10 -10 -9 -8 -7 -7 -7 -7 -6 -6 -6 -6 -6 -5 -5 -5 -5 -5 -4 -4 -4 -4 -4 -3 -3 -3 -3 ------- Run | Scr Mat Min Exi Min Mat Fac Low Low Zio Pro Fac Low Low Dat Pro Fac Upp Upp Zhi Pro Fac Upp Upp War Pro Res Qua Sec Traps Triggered 9 | . . . . . . . . . . . . . . . . . . . . . 2 . . . . 4 1 2 Indirectly . | . . . . . . . . . . . . . . . . . . . . . . . . . . . . . Trap Hack Attempts . | . . . . . . . . . . . . . . . . . . . . . . . . . . . . . Triggered . | . . . . . . . . . . . . . . . . . . . . . . . . . . . . . Disarmed . | . . . . . . . . . . . . . . . . . . . . . . . . . . . . . Reprogrammed . | . . . . . . . . . . . . . . . . . . . . . . . . . . . . . Reused . | . . . . . . . . . . . . . . . . . . . . . . . . . . . . . Traps Extracted . | . . . . . . . . . . . . . . . . . . . . . . . . . . . . . Installed . | . . . . . . . . . . . . . . . . . . . . . . . . . . . . . Triggered 13 | . . . . . . . 2 2 . . . 1 . . . 2 1 . . . . . . 4 1 . . . Machines | -11 -10 -10 -10 -9 -8 -7 -7 -7 -7 -6 -6 -6 -6 -6 -5 -5 -5 -5 -5 -4 -4 -4 -4 -4 -3 -3 -3 -3 ---------- Run | Scr Mat Min Exi Min Mat Fac Low Low Zio Pro Fac Low Low Dat Pro Fac Upp Upp Zhi Pro Fac Upp Upp War Pro Res Qua Sec Machines Disabled 14 | . 1 . . . . . . . . . . . . . . . . . . 1 . . . . . 1 4 7 Max in Single Turn 1 | . 1 . . . . . . . . . . . . . . . . . . 1 . . . . . 1 1 1 Garrison Access 4 | . . . . . . 1 . . . . 1 . . . . . . . . . . . . . . 2 . . Machines Sabotaged . | . . . . . . . . . . . . . . . . . . . . . . . . . . . . . Garrisons Compromised 1 | . . . . . . . . . . . . . . . . 1 . . . . . . . . . . . . Overloaded Fab Kills . | . . . . . . . . . . . . . . . . . . . . . . . . . . . . . Hacking | -11 -10 -10 -10 -9 -8 -7 -7 -7 -7 -6 -6 -6 -6 -6 -5 -5 -5 -5 -5 -4 -4 -4 -4 -4 -3 -3 -3 -3 --------- Run | Scr Mat Min Exi Min Mat Fac Low Low Zio Pro Fac Low Low Dat Pro Fac Upp Upp Zhi Pro Fac Upp Upp War Pro Res Qua Sec Machines Accessed 116 | . 2 . 2 . 2 19 1 . . . 18 1 . 4 . 18 . . 4 . 12 . 2 4 . 27 . . Terminals 67 | . 2 . . . 2 13 . . . . 12 . . . . 12 . . . . 8 . . . . 18 . . Fabricators 17 | . . . . . . 3 . . . . 3 . . . . 5 . . . . 2 . . . . 4 . . Repair Stations 5 | . . . . . . . . . . . 1 . . . . 1 . . . . 1 . . . . 2 . . Recycling Units . | . . . . . . . . . . . . . . . . . . . . . . . . . . . . . Scanalyzers 4 | . . . . . . 1 . . . . 1 . . . . . . . . . 1 . . . . 1 . . Garrison Access 5 | . . . . . . 2 . . . . 1 . . . . . . . . . . . . . . 2 . . Total Hacks 408 | . 12 . 2 . 10 59 1 . . . 59 1 . 26 . 70 . . 16 . 46 . 5 13 . 88 . . Successful 306 | . 6 . 2 . 5 27 1 . . . 46 1 . 26 . 55 . . 16 . 37 . 5 13 . 66 . . Failed 99 | . 6 . . . 5 32 . . . . 12 . . . . 14 . . . . 8 . . . . 22 . . Catastrophic 12 | . 1 . . . . 4 . . . . 2 . . . . . . . . . . . . . . 5 . . Database Lockouts 3 | . . . . . . . . . . . 1 . . . . 1 . . . . 1 . . . . . . . Manual 187 | . 9 . 1 . 8 28 . . . . 27 . . . . 46 . . . . 22 . . 1 . 45 . . Terminals 275 | . 12 . . . 10 47 . . . . 47 . . . . 57 . . . . 36 . . . . 66 . . Fabricators 39 | . . . . . . 7 . . . . 6 . . . . 11 . . . . 4 . . . . 11 . . Repair Stations 12 | . . . . . . . . . . . 2 . . . . 2 . . . . 2 . . . . 6 . . Recycling Units . | . . . . . . . . . . . . . . . . . . . . . . . . . . . . . Scanalyzers 11 | . . . . . . 2 . . . . 3 . . . . . . . . . 4 . . . . 2 . . Garrison Access 7 | . . . . . . 3 . . . . 1 . . . . . . . . . . . . . . 3 . . Terminal Hacks 184 | . 4 . 2 . 4 13 1 . . . 21 1 . 26 . 29 . . 16 . 20 . 5 13 . 29 . . Record 19 | . . . 1 . . . . . . . . . . 7 . . . . 5 . . . 4 1 . 1 . . Part Schematic 30 | . . . . . 1 1 . . . . 3 . . 11 . 5 . . 3 . 1 . . . . 5 . . Robot Schematic 5 | . . . . . . . . . . . . . . 5 . . . . . . . . . . . . . . Robot Analysis 16 | . . . . . . 2 . . . . 3 . . . . 3 . . 4 . 2 . . . . 2 . . Prototype ID Bank 44 | . 2 . . . 1 3 . . . . 4 . . 3 . 3 . . 4 . 3 . . 11 . 10 . . Open Door 4 | . . . . . . . 1 . . . . 1 . . . . . . . . . . 1 1 . . . . Level Access Points 1 | . . . . . . . . . . . . . . . . . . . . . . . . . . 1 . . Branch Access Points 5 | . . . . . 1 1 . . . . 1 . . . . 1 . . . . 1 . . . . . . . Emergency Access Points 1 | . . . . . . . . . . . . . . . . . . . . . 1 . . . . . . . Machine Index 3 | . . . . . . . . . . . . . . . . 1 . . . . 1 . . . . 1 . . Terminal Index 4 | . . . . . . 1 . . . . 1 . . . . . . . . . 1 . . . . 1 . . Fabricator Index 3 | . . . . . . 1 . . . . 1 . . . . 1 . . . . . . . . . . . . Alert Level 4 | . . . . . . . . . . . 1 . . . . 2 . . . . 1 . . . . . . . Unreport Threat 3 | . . . . . . . . . . . 1 . . . . 2 . . . . . . . . . . . . Locate Traps 16 | . 2 . . . . 2 . . . . 3 . . . . 3 . . . . 5 . . . . 1 . . Maintenance Status 1 | . . . . . . . . . . . . . . . . . . . . . 1 . . . . . . . Recall Investigation 9 | . . . . . . . . . . . 1 . . . . 4 . . . . 2 . . . . 2 . . Recall Extermination 6 | . . . . . . 1 . . . . 1 . . . . 1 . . . . . . . . . 3 . . Recall Reinforcements 1 | . . . . . . . . . . . . . . . . . . . . . . . . . . 1 . . Hauler Manifests 7 | . . . . . 1 1 . . . . 1 . . . . 2 . . . . 1 . . . . 1 . . Zone Layout 1 | . . . . . . . . . . . . . . . . 1 . . . . . . . . . . . . EX-Prototype ID Bank 1 | . . . 1 . . . . . . . . . . . . . . . . . . . . . . . . . Fabricator Hacks 34 | . . . . . . 4 . . . . 6 . . . . 10 . . . . 4 . . . . 10 . . Load Schematic 18 | . . . . . . 2 . . . . 3 . . . . 5 . . . . 2 . . . . 6 . . Build 16 | . . . . . . 2 . . . . 3 . . . . 5 . . . . 2 . . . . 4 . . Repair Station Hacks 12 | . . . . . . . . . . . 2 . . . . 2 . . . . 2 . . . . 6 . . Scan Component 6 | . . . . . . . . . . . 1 . . . . 1 . . . . 1 . . . . 3 . . Repair 6 | . . . . . . . . . . . 1 . . . . 1 . . . . 1 . . . . 3 . . Recycling Unit Hacks . | . . . . . . . . . . . . . . . . . . . . . . . . . . . . . Scanalyzer 9 | . . . . . . 2 . . . . 1 . . . . . . . . . 4 . . . . 2 . . Insert Component 5 | . . . . . . 1 . . . . 1 . . . . . . . . . 2 . . . . 1 . . Analyze 4 | . . . . . . 1 . . . . . . . . . . . . . . 2 . . . . 1 . . Garrison Access Hacks 4 | . . . . . . 1 . . . . 1 . . . . . . . . . . . . . . 2 . . Seal Access 4 | . . . . . . 1 . . . . 1 . . . . . . . . . . . . . . 2 . . Unauthorized Hacks 63 | . 2 . . . 1 7 . . . . 15 . . . . 14 . . . . 7 . . . . 17 . . Terminals 63 | . 2 . . . 1 7 . . . . 15 . . . . 14 . . . . 7 . . . . 17 . . Track 10 | . . . . . . . . . . . 3 . . . . 3 . . . . 1 . . . . 3 . . Assimilate 20 | . . . . . . 1 . . . . 6 . . . . 3 . . . . 3 . . . . 7 . . Botnet 28 | . 1 . . . 1 6 . . . . 5 . . . . 7 . . . . 2 . . . . 6 . . Disrupt 4 | . 1 . . . . . . . . . 1 . . . . 1 . . . . 1 . . . . . . . Operators 1 | . . . . . . . . . . . . . . . . . . . . . . . . . . 1 . . Fabricators . | . . . . . . . . . . . . . . . . . . . . . . . . . . . . . Repair Stations . | . . . . . . . . . . . . . . . . . . . . . . . . . . . . . Recycling Units . | . . . . . . . . . . . . . . . . . . . . . . . . . . . . . Scanalyzers . | . . . . . . . . . . . . . . . . . . . . . . . . . . . . . Garrison Access . | . . . . . . . . . . . . . . . . . . . . . . . . . . . . . Data Cores Recovered . | . . . . . . . . . . . . . . . . . . . . . . . . . . . . . Used . | . . . . . . . . . . . . . . . . . . . . . . . . . . . . . Hacking Detections 81 | . 2 . . . 2 17 . . . . 15 . . . . 13 . . . . 8 . . . . 24 . . Full Trace Events 25 | . . . . . . 5 . . . . 5 . . . . 5 . . . . 2 . . . . 8 . . Feedback Events . | . . . . . . . . . . . . . . . . . . . . . . . . . . . . . Feedback Blocked . | . . . . . . . . . . . . . . . . . . . . . . . . . . . . . Robot Schematics Acquired 11 | . . . . . . . . . 3 . . . . 5 . . . . . . . . . . . . . 3 Robots Built . | . . . . . . . . . . . . . . . . . . . . . . . . . . . . . Authchips . | . . . . . . . . . . . . . . . . . . . . . . . . . . . . . Time . | . . . . . . . . . . . . . . . . . . . . . . . . . . . . . Total Robot Build Rating . | . . . . . . . . . . . . . . . . . . . . . . . . . . . . . Part Schematics Acquired 54 | . . . . . 1 2 . . 14 . 3 . . 11 . 5 . . 3 . 3 . . . . 6 . 6 Parts Built 16 | . . . . . . 2 . . . . 3 . . . . 5 . . . . 2 . . . . 4 . . Authchips . | . . . . . . . . . . . . . . . . . . . . . . . . . . . . . Time 1451 | . . . . . . 174 . . . . 335 . . . . 367 . . . . 204 . . . . 371 . . Total Part Build Rating 95 | . . . . . . 6 . . . . 12 . . . . 29 . . . . 16 . . . . 32 . . Parts Repaired 6 | . . . . . . . . . . . 1 . . . . 1 . . . . 1 . . . . 3 . . Time 186 | . . . . . . . . . . . 13 . . . . 26 . . . . 33 . . . . 114 . . Parts Recycled . | . . . . . . . . . . . . . . . . . . . . . . . . . . . . . Recycled Matter . | . . . . . . . . . . . . . . . . . . . . . . . . . . . . . Retrieved Matter . | . . . . . . . . . . . . . . . . . . . . . . . . . . . . . Retrieved Components . | . . . . . . . . . . . . . . . . . . . . . . . . . . . . . Parts Scanalyzed 5 | . . . . . . 1 . . . . 1 . . . . . . . . . 2 . . . . 1 . . Part Schematics Acquired 4 | . . . . . . 1 . . . . . . . . . . . . . . 2 . . . . 1 . . Parts Damaged . | . . . . . . . . . . . . . . . . . . . . . . . . . . . . . Bothacking | -11 -10 -10 -10 -9 -8 -7 -7 -7 -7 -6 -6 -6 -6 -6 -5 -5 -5 -5 -5 -4 -4 -4 -4 -4 -3 -3 -3 -3 ------------ Run | Scr Mat Min Exi Min Mat Fac Low Low Zio Pro Fac Low Low Dat Pro Fac Upp Upp Zhi Pro Fac Upp Upp War Pro Res Qua Sec Used RIF Installer . | . . . . . . . . . . . . . . . . . . . . . . . . . . . . . Robots Hacked . | . . . . . . . . . . . . . . . . . . . . . . . . . . . . . Non-combat . | . . . . . . . . . . . . . . . . . . . . . . . . . . . . . Combat . | . . . . . . . . . . . . . . . . . . . . . . . . . . . . . Robot Hacks Applied . | . . . . . . . . . . . . . . . . . . . . . . . . . . . . . Relay Couplers Released . | . . . . . . . . . . . . . . . . . . . . . . . . . . . . . Fabnet Peak Effective % . | . . . . . . . . . . . . . . . . . . . . . . . . . . . . . Robots Rewired 5 | . . . . . . . . . . . . . . . . . . . . . . . . 5 . . . . Allies Hacked . | . . . . . . . . . . . . . . . . . . . . . . . . . . . . . Hacks Repelled . | . . . . . . . . . . . . . . . . . . . . . . . . . . . . . Allies | -11 -10 -10 -10 -9 -8 -7 -7 -7 -7 -6 -6 -6 -6 -6 -5 -5 -5 -5 -5 -4 -4 -4 -4 -4 -3 -3 -3 -3 -------- Run | Scr Mat Min Exi Min Mat Fac Low Low Zio Pro Fac Low Low Dat Pro Fac Upp Upp Zhi Pro Fac Upp Upp War Pro Res Qua Sec Total Allies 30 | . . . . 3 . 1 . . 5 . 5 . . . 1 3 . . . . 1 . 2 5 . 4 . . Largest Group 5 | . . . . 3 2 1 . . 5 5 3 1 . . 1 3 . . . . 1 1 3 5 2 4 . . Highest-Rated Group 310 | . . . . 40 32 26 . . 109 109 62 26 . . 96 46 . . . . 45 45 107 310 112 142 . . Highest-Rated Ally 96 | . . . . 16 16 26 . . 28 28 26 26 . . 96 26 . . . . 45 45 40 68 56 45 . . Total Orders 20 | . . . . . . . . . . . 8 . . . . 4 . . . . . . . . . 8 . . STAY 10 | . . . . . . . . . . . 4 . . . . 2 . . . . . . . . . 4 . . FOLLOW 10 | . . . . . . . . . . . 4 . . . . 2 . . . . . . . . . 4 . . Ally Attacks 71 | . . . . 10 9 . . . . 26 . . . . 16 . . . . . . . . 1 9 . . . Total Damage 1729 | . . . . 74 80 . . . . 563 . . . . 739 . . . . . . . . 38 235 . . . Kills 15 | . . . . 3 1 . . . . 5 . . . . 5 . . . . . . . . 1 . . . . Allies Corrupted 1 | . . . . . . . . . . . . . . . . . . . . . . . . 1 . . . . Allies Melted 1 | . . . . . . . . . . . . . . . . . . . . . . . . 1 . . . . Intel | -11 -10 -10 -10 -9 -8 -7 -7 -7 -7 -6 -6 -6 -6 -6 -5 -5 -5 -5 -5 -4 -4 -4 -4 -4 -3 -3 -3 -3 ------- Run | Scr Mat Min Exi Min Mat Fac Low Low Zio Pro Fac Low Low Dat Pro Fac Upp Upp Zhi Pro Fac Upp Upp War Pro Res Qua Sec Robot Analysis Total 16 | . . . . . . 2 . . . . 3 . . . . 3 . . 4 . 2 . . . . 2 . . Derelict Logs Recovered 13 | . . 1 . . . . . 2 1 1 . 1 1 . 2 . 1 . . 1 . 2 . . . . . . Drone Launches . | . . . . . . . . . . . . . . . . . . . . . . . . . . . . . Drone Recoveries . | . . . . . . . . . . . . . . . . . . . . . . . . . . . . . Exploration | -11 -10 -10 -10 -9 -8 -7 -7 -7 -7 -6 -6 -6 -6 -6 -5 -5 -5 -5 -5 -4 -4 -4 -4 -4 -3 -3 -3 -3 ------------- Run | Scr Mat Min Exi Min Mat Fac Low Low Zio Pro Fac Low Low Dat Pro Fac Upp Upp Zhi Pro Fac Upp Upp War Pro Res Qua Sec Turns Passed 11367 | 57 117 52 120 326 126 1089 80 247 365 353 1677 197 133 20 327 1263 62 45 42 179 464 148 86 385 353 2225 255 574 Spaces Moved 24188 | 53 119 103 230 447 237 1724 298 934 891 1052 3098 756 504 87 595 2093 180 185 145 650 1099 582 499 792 667 4137 678 1353 Core 808 | 53 119 103 230 300 . . . . . . . . . . . . . . . . . . . . . . . 3 Treads . | . . . . . . . . . . . . . . . . . . . . . . . . . . . . . Legs . | . . . . . . . . . . . . . . . . . . . . . . . . . . . . . Wheels . | . . . . . . . . . . . . . . . . . . . . . . . . . . . . . Hover . | . . . . . . . . . . . . . . . . . . . . . . . . . . . . . Flight 23380 | . . . . 147 237 1724 298 934 891 1052 3098 756 504 87 595 2093 180 185 145 650 1099 582 499 792 667 4137 678 1350 Fastest Speed 5 | 50 50 50 50 37 34 25 25 25 25 25 23 23 23 23 23 18 19 19 19 6 5 16 16 15 17 16 6 15 Average Speed 23 | 84 63 50 50 45 34 29 25 25 25 25 25 23 23 23 23 27 19 19 19 18 16 16 16 16 17 17 18 18 Slowest Speed 200 | 200 150 50 50 50 34 114 25 25 25 25 102 23 23 23 23 99 19 19 19 19 19 16 16 93 17 93 19 50 Overloaded Moves 31 | . . . . . . . . . . . . . . . . . . . . 1 1 . . . . . 27 2 Propulsion Burnouts . | . . . . . . . . . . . . . . . . . . . . . . . . . . . . . Robots Hopped 85 | . . . . . 2 22 . . . 1 11 2 . . . 13 . . . . 1 . . . . 8 4 21 Cave-ins Triggered 1 | . . . . . . . . . . . . . . . . . . . . . . . . . . . 1 . Teleports 3 | . . . . . . . . . . . . . . . . . . . . . . . . . . . . 3 Exploration Rate (%) 59 | 4 40 22 62 87 30 54 47 88 84 91 58 90 60 68 72 50 44 44 60 82 25 65 68 78 71 74 59 42 Regions Visited 28 Branch Regions 21 Pre-discovered Areas 7 | . . . 1 . . . . . 1 . . . 1 1 . . . . 3 . . . . . . . . . Known Exits Taken 7 | . . . . . . 1 . . . . 1 . . . 1 1 . . . . 1 . . . 1 1 . . Unknown Exits Taken 21 | 1 1 1 1 1 1 . 1 1 1 1 . 1 1 1 . . 1 1 1 1 . 1 1 1 . . 1 . Scrap Searched 26 | . . . . 1 . . 1 2 5 1 . 2 . . 3 . 1 2 . 4 . 2 1 . 1 . . . Spaces Dug 229 | . . . . . 1 22 . . . 2 35 3 2 . 2 17 . 1 . 6 7 1 3 4 . 76 18 29 Terrain Destroyed 427 | . 4 . . . 27 22 . . . 30 43 3 2 . 2 24 . 14 . 14 9 1 3 4 74 99 23 29 Melee 109 | . . . . . 1 22 . . . 2 32 3 2 . 2 10 . 1 . 5 3 1 3 . . 8 4 10 Projectile 173 | . . . . . . . . . . . 11 . . . . 14 . . . 9 6 . . 4 . 91 19 19 AOE 145 | . 4 . . . 26 . . . . 28 . . . . . . . 13 . . . . . . 74 . . . Terrain Rammed . | . . . . . . . . . . . . . . . . . . . . . . . . . . . . . Walls Destroyed . | . . . . . . . . . . . . . . . . . . . . . . . . . . . . . Machines Disabled . | . . . . . . . . . . . . . . . . . . . . . . . . . . . . . Actions | -11 -10 -10 -10 -9 -8 -7 -7 -7 -7 -6 -6 -6 -6 -6 -5 -5 -5 -5 -5 -4 -4 -4 -4 -4 -3 -3 -3 -3 --------- Run | Scr Mat Min Exi Min Mat Fac Low Low Zio Pro Fac Low Low Dat Pro Fac Upp Upp Zhi Pro Fac Upp Upp War Pro Res Qua Sec Total 29337 | 64 139 102 234 566 262 2223 303 946 1030 1133 3903 769 518 86 780 2721 207 189 159 682 1347 635 501 1038 894 5513 780 1613 Wait 4379 | . 2 . . 106 4 465 . 13 128 65 699 9 13 . 180 531 26 . . . 200 53 . 210 218 1189 64 204 Move 24007 | 52 118 102 229 446 232 1683 297 933 890 1049 3076 751 503 86 594 2070 179 184 144 649 1096 581 498 791 666 4121 668 1319 Hop 67 | . . . . . 2 18 . . . 1 10 2 . . . 9 . . . . 1 . . . . 7 4 13 Pick Up 62 | 3 . . 4 3 2 1 1 . 2 1 5 . . . . 13 1 . 2 1 2 . . 4 . 8 5 4 Fast Attach 72 | 4 . . . 6 2 8 2 . 3 . 4 . . . . 13 . . 6 2 1 . . 3 . 9 3 6 Attach 38 | 1 4 . . . 1 . . . 2 1 3 . . . . 6 . . . 1 2 . . 1 . 3 4 9 Detach 15 | . 4 . . . . 1 . . . . 1 . . . . 5 . . . . . . . . . 2 . 2 Swap 102 | . . . . . 5 3 . . . 4 23 1 . . 4 17 . 2 . 10 9 . . 5 2 11 3 3 Drop 111 | 4 . . 1 4 3 9 3 . 4 1 12 . . . . 19 1 . 7 2 2 . . 8 . 14 8 9 Fire 208 | . 11 . . . 8 . . . . 3 12 . . . . 14 . 2 . 11 6 . . 8 8 108 16 1 Melee 197 | . . . . . 3 35 . . 1 2 58 6 2 . 2 24 . 1 . 6 18 1 3 . . 8 4 23 Ram 2 | . . . . 1 . . . . . . . . . . . . . . . . . . . . . . . 1 Kick . | . . . . . . . . . . . . . . . . . . . . . . . . . . . . . Crush . | . . . . . . . . . . . . . . . . . . . . . . . . . . . . . Escape Stasis 63 | . . . . . . . . . . . . . . . . . . . . . 10 . . . . 33 1 19 Rewire 14 | . . . . . . . . . . 6 . . . . . . . . . . . . . 8 . . . . Trap . | . . . . . . . . . . . . . . . . . . . . . . . . . . . . . Miscellaneous . | . . . . . . . . . . . . . . . . . . . . . . . . . . . . . Route ------- -11/Scrapyard -10/Materials -10/Mines -10/Exiles -9/Mines (discovered 2 exits: *Mat x2) -8/Materials -7/Factory (discovered 5 exits: *Fac x2 / Sto / *Low x2) -7/Lower Caves -7/Lower Caves (discovered 2 exits: *Fac / [*Zio]) -7/Zion -6/Proximity Caves -6/Factory (discovered 5 exits: *Fac / *Low x2 / Ext x2) -6/Lower Caves -6/Lower Caves (discovered 2 exits: *Fac / *Dat) -6/Data Miner -5/Proximity Caves -5/Factory (discovered 3 exits: *Fac / *Upp x2) -5/Upper Caves -5/Upper Caves (discovered 2 exits: *Fac / *Zhi) -5/Zhirov -4/Proximity Caves -4/Factory (discovered 4 exits: Res / *Upp x2 / Arm) -4/Upper Caves -4/Upper Caves -4/Warlord -3/Proximity Caves -3/Research (discovered 5 exits: *Res x3 / *Qua x2) -3/Quarantine (discovered 2 exits: *Res / [*Sec]) -3/Section 7 (discovered 1 exit: *Res) History --------- Turn | Location | Event 15 | -11/Scrapyard | Discovered new exit (range 16) 58 | -11/Scrapyard | Entered Materials 167 | -10/Materials | Discovered new exit (range 15) 175 | -10/Materials | Entered Mines 200 | -10/Mines | Learned Materials trap positions 225 | -10/Mines | Deemed a non-threat by the Exiles lab entrance 225 | -10/Mines | Discovered new exit (range 5) 227 | -10/Mines | Entered Exiles 246 | -10/Exiles | Met 8R-AWN 253 | -10/Exiles | Met EX-HEX 270 | -10/Exiles | Met EX-BIN 276 | -10/Exiles | Aligned with FarCom system 276 | -10/Exiles | Given EX-Vault access code 288 | -10/Exiles | Opened EX-Vault 293 | -10/Exiles | Found Latent Energy Streamer 303 | -10/Exiles | Warned to stay clear of 0b10 Research branches 311 | -10/Exiles | Exiles lab attacked by MAIN.C 313 | -10/Exiles | Build established: Mutant 326 | -10/Exiles | Learned location of Zion (-7) 342 | -10/Exiles | Discovered new exit (range 11) 347 | -10/Exiles | Left Exiles lab with Latent Energy Streamer 347 | -10/Exiles | Entered Mines 355 | -9/Mines | Assembled infested the area 360 | -9/Mines | Assisted by a Guerilla fighting off Assembled 473 | -9/Mines | Discovered new exit (range 10) 533 | -9/Mines | Assisted by bots powering up and referring to "LRC-V3" 616 | -9/Mines | Received a Rocket Launcher from a helpful Derelict 629 | -9/Mines | Discovered new exit (range 10) 673 | -9/Mines | Entered Materials 673 | -8/Materials | Accompanied by 2 allies 673 | -8/Materials | Evolved 4 slots: Propulsion x2, Utility x2 674 | -8/Materials | Loaded intel: 18 trap records 788 | -8/Materials | Discovered new exit (range 15) 799 | -8/Materials | Entered Factory 799 | -7/Factory | Evolved 2 slots: Propulsion x1, Utility x1 899 | -7/Factory | Discovered new exit (range 3) 936 | -7/Factory | Identified exit to Storage 936 | -7/Factory | Identified exit to Lower Caves 1118 | -7/Factory | Build established: Scavenger-Scout 1219 | -7/Factory | Fabricated Imp. VTOL Module (x1) 1453 | -7/Factory | Discovered new exit (range 12) 1516 | -7/Factory | Build established: Scout 1622 | -7/Factory | Fabricated Imp. VTOL Module? 1888 | -7/Factory | Entered Lower Caves 1959 | -7/Lower Caves | Discovered new exit (range 16) 1968 | -7/Lower Caves | Entered another Lower Caves area 1994 | -7/Lower Caves | Encountered a Warlord checkpoint 2077 | -7/Lower Caves | Discovered new exit (range 10) 2085 | -7/Lower Caves | Spotted B-75 Beast 2148 | -7/Lower Caves | Learned 12 Factory zone layouts 2193 | -7/Lower Caves | Build established: Sprinter 2201 | -7/Lower Caves | Discovered new exit (range 11) 2215 | -7/Lower Caves | Entered Zion 2227 | -7/Zion | Discovered new exit (range 11) 2243 | -7/Zion | Given the Hacking Drone Bay 2262 | -7/Zion | Learned Factory recycling unit intel 2265 | -7/Zion | Gained Derelict followers 2272 | -7/Zion | Learned location of Data Miner (-6) 2274 | -7/Zion | Received a visual enhancement algorithm 2358 | -7/Zion | Learned 8 Factory zone layouts 2443 | -7/Zion | Found Prototype Device 2443 | -7/Zion | Identified Hacking Drone Bay 2580 | -7/Zion | Entered Proximity Caves 2580 | -6/Proximity Caves | Accompanied by 5 allies 2706 | -6/Proximity Caves | Attracted the attention of an 0b10 checkpoint 2732 | -6/Proximity Caves | Build established: Infiltrator-Sprinter 2869 | -6/Proximity Caves | Spotted B-75 Beast 2932 | -6/Proximity Caves | Discovered new exit (range 6) 2933 | -6/Proximity Caves | Entered Factory 2933 | -6/Factory | Evolved 2 slots: Utility x2 2934 | -6/Factory | Identified exit to Extension 2935 | -6/Factory | Identified exit to Factory 2936 | -6/Factory | Loaded intel: 6 recycling unit locations 3251 | -6/Factory | Build established: Hacker-Sprinter 3443 | -6/Factory | Identified exit to Lower Caves 3470 | -6/Factory | Central database locked down 3598 | -6/Factory | Fabricated Cld. VTOL Module? 4006 | -6/Factory | Repaired Lgt. Assault Rifle 4245 | -6/Factory | Fabricated Cld. VTOL Module? 4521 | -6/Factory | Fabricated Cld. VTOL Module? 4610 | -6/Factory | Entered Lower Caves 4610 | -6/Lower Caves | Accompanied by 1 ally 4611 | -6/Lower Caves | Learned location of 1 exit from Factory 4644 | -6/Lower Caves | Encountered a Warlord checkpoint 4784 | -6/Lower Caves | Discovered new exit (range 12) 4807 | -6/Lower Caves | Entered another Lower Caves area 4810 | -6/Lower Caves | Learned location of Extension (-6) 4812 | -6/Lower Caves | Discovered exit to Factory (range 8) 4925 | -6/Lower Caves | Discovered new exit (range 8) 4940 | -6/Lower Caves | Entered Data Miner 4940 | -6/Data Miner | Discovered new exit (range 6) 4945 | -6/Data Miner | Met Data Miner 4951 | -6/Data Miner | Learned location of Section 7 (-3) 4951 | -6/Data Miner | Acquired the access code to Warlord's prototype stash 4954 | -6/Data Miner | Received God Mode back door access code from Data Miner 4960 | -6/Data Miner | Entered Proximity Caves 4996 | -5/Proximity Caves | Attracted the attention of an 0b10 checkpoint 4997 | -5/Proximity Caves | Escorted by Enhanced Grunt 5057 | -5/Proximity Caves | Spotted B-75 Beast 5098 | -5/Proximity Caves | Learned Factory terminal intel 5282 | -5/Proximity Caves | Learned Factory trap positions 5282 | -5/Proximity Caves | Discovered exit to Factory (range 10) 5287 | -5/Proximity Caves | Entered Factory 5287 | -5/Factory | Evolved 2 slots: Utility x2 5288 | -5/Factory | Identified exit to Upper Caves 5289 | -5/Factory | Loaded intel: 96 trap records 5290 | -5/Factory | Loaded intel: 26 terminal locations 5512 | -5/Factory | Central database locked down 5580 | -5/Factory | Fabricated Mni. Smartbomb Launcher (x1) 5778 | -5/Factory | Discovered new exit (range 14) 5919 | -5/Factory | Fabricated Adv. Hacking Suite? 5921 | -5/Factory | Incoming investigation squad redirected 5962 | -5/Factory | Repaired Lgt. Assault Rifle 6056 | -5/Factory | Fabricated Exp. Utility Shielding? 6193 | -5/Factory | Spotted B-75 Beast 6206 | -5/Factory | Incoming investigation squad redirected 6232 | -5/Factory | Fabricated Adv. Hacking Suite? 6244 | -5/Factory | Fabricated Adv. System Shield? 6351 | -5/Factory | Build established: Wizard-Sprinter 6352 | -5/Factory | Cargo convoy interrupted 6371 | -5/Factory | Incoming assault squad redirected 6514 | -5/Factory | System corruption reached 10% 6518 | -5/Factory | System corruption reached 30% 6550 | -5/Factory | Entered Upper Caves 6593 | -5/Upper Caves | Encountered a Warlord checkpoint 6594 | -5/Upper Caves | Learned location of 1 exit from Factory 6611 | -5/Upper Caves | Discovered new exit (range 5) 6612 | -5/Upper Caves | Entered another Upper Caves area 6623 | -5/Upper Caves | Discovered new exit (range 5) 6656 | -5/Upper Caves | Discovered new exit (range 5) 6657 | -5/Upper Caves | Entered Zhirov 6657 | -5/Zhirov | Discovered new exit (range 3) 6661 | -5/Zhirov | Met Zhirov 6665 | -5/Zhirov | Learned location of Quarantine (-3) 6665 | -5/Zhirov | Learned location of Testing (-2) 6665 | -5/Zhirov | Learned location of Command (-1) 6667 | -5/Zhirov | Zhirov requested help retrieving the SGEMP Prototype 6670 | -5/Zhirov | Found Alien Artifact 6670 | -5/Zhirov | Identified Integrated Reactor 6670 | -5/Zhirov | Installed Integrated Reactor, increased core energy generation (+10) 6688 | -5/Zhirov | Found Alien Artifact 6699 | -5/Zhirov | Entered Proximity Caves 6743 | -4/Proximity Caves | Spotted B-86 Titan 6758 | -4/Proximity Caves | Found Alien Artifact 6758 | -4/Proximity Caves | Identified Dimensional Node Initializer 6758 | -4/Proximity Caves | Initialized slip node 6869 | -4/Proximity Caves | Discovered new exit (range 15) 6878 | -4/Proximity Caves | Entered Factory 6878 | -4/Factory | Evolved 2 slots: Utility x2 6879 | -4/Factory | Identified exit to Research 6893 | -4/Factory | Identified exit to Upper Caves 6893 | -4/Factory | Identified exit to Armory 6907 | -4/Factory | Spotted B-86 Titan 6964 | -4/Factory | Central database locked down 7038 | -4/Factory | Repaired Diametric Drive? 7237 | -4/Factory | Fabricated Adv. Gravity Neutralizer (x1) 7270 | -4/Factory | Fabricated Exp. Q-thruster (x1) 7342 | -4/Factory | Entered Upper Caves 7342 | -4/Upper Caves | Accompanied by 1 ally 7347 | -4/Upper Caves | Learned Research stockpile data 7349 | -4/Upper Caves | Encountered a Warlord checkpoint 7389 | -4/Upper Caves | Spotted B-86 Titan 7446 | -4/Upper Caves | Discovered new exit (range 10) 7470 | -4/Upper Caves | Learned 12 Research zone layouts 7490 | -4/Upper Caves | Entered another Upper Caves area 7490 | -4/Upper Caves | Accompanied by 1 ally 7515 | -4/Upper Caves | A Commander dispatched an escort 7517 | -4/Upper Caves | Learned Factory emergency access door positions 7525 | -4/Upper Caves | Discovered new exit (range 15) 7576 | -4/Upper Caves | Entered Warlord 7585 | -4/Warlord | Discovered new exit (range 9) 7669 | -4/Warlord | Warlord's base attacked by MAIN.C 7680 | -4/Warlord | Met Warlord 7682 | -4/Warlord | Opened Warlord's prototype stash 7686 | -4/Warlord | Found Prototype Device 7686 | -4/Warlord | Identified Exp. Cloaking Device 7691 | -4/Warlord | Found Prototype Reactor 7694 | -4/Warlord | Found Prototype Processor 7694 | -4/Warlord | Identified Exp. Armor Integrity Analyzer 7698 | -4/Warlord | Found Exp. Focal Shield 7742 | -4/Warlord | P-70 Sage assimilated allied Archangel 7a 7926 | -4/Warlord | Opened side exit 7961 | -4/Warlord | Entered Proximity Caves 7961 | -3/Proximity Caves | Accompanied by 2 allies 7990 | -3/Proximity Caves | Spotted B-86 Titan 8216 | -3/Proximity Caves | Received a Behemoth hack from an annoying Tinkerer 8311 | -3/Proximity Caves | Discovered exit to Research (range 6) 8314 | -3/Proximity Caves | Entered Research 8314 | -3/Research | Evolved 2 slots: Power x1, Utility x1 8315 | -3/Research | Identified exit to Quarantine 8315 | -3/Research | Identified Vortex Chain Reactor 8361 | -3/Research | Identified exit to Research 8871 | -3/Research | Fabricated Adv. Quantum Shading Machine? 9022 | -3/Research | Incoming investigation squad redirected 9647 | -3/Research | Repaired Exp. Utility Shielding 10027 | -3/Research | Repaired Exp. Utility Shielding 10037 | -3/Research | Repaired Lgt. Assault Rifle 10158 | -3/Research | Incoming investigation squad redirected 10192 | -3/Research | Found Prototype Processor 10195 | -3/Research | Identified Spectral Analyzer 10250 | -3/Research | Fabricated Exp. Reaction Control System? 10302 | -3/Research | Incoming investigation squad redirected 10346 | -3/Research | Incoming investigation squad redirected 10374 | -3/Research | Fabricated Mni. Fusion Reactor? 10412 | -3/Research | Fabricated Exp. Cooling System (x1) 10539 | -3/Research | Entered Quarantine 10540 | -3/Quarantine | Maximum security lockdown engaged 10551 | -3/Quarantine | Found Alien Artifact 10551 | -3/Quarantine | Identified Core Reset Matrix 10551 | -3/Quarantine | Identified Transdimensional Reconstructor 10551 | -3/Quarantine | Used Core Reset Matrix 10555 | -3/Quarantine | Detected hypermatrix surge 10555 | -3/Quarantine | Sensed 12 artifacts in vicinity 10591 | -3/Quarantine | Cryocooling Duct disabled 10606 | -3/Quarantine | Ambient heat levels rising (+20) 10609 | -3/Quarantine | Found Transdimensional Reconstructor 10614 | -3/Quarantine | Found Hpw. Transdimensional Reconstructor 10649 | -3/Quarantine | Crushed by falling debris 10650 | -3/Quarantine | Found Core Cannon 10686 | -3/Quarantine | Found Sigix Broadsword 10689 | -3/Quarantine | Discovered exit to Research (range 13) 10740 | -3/Quarantine | Spotted Executioner 10744 | -3/Quarantine | Spotted Alpha 7 10784 | -3/Quarantine | Spotted Fortress 10793 | -3/Quarantine | Discovered new exit (range 5) 10794 | -3/Quarantine | Entered Section 7 10795 | -3/Section 7 | Maximum security lockdown engaged 10795 | -3/Section 7 | Sensed 20 artifacts in vicinity 10795 | -3/Section 7 | Spotted S7 Guard 10804 | -3/Section 7 | Found Core Reset Matrix 10806 | -3/Section 7 | Sensed 19 artifacts in vicinity 10852 | -3/Section 7 | Spotted S7 Guard 10866 | -3/Section 7 | Found Navigation Efficiency Matrix 10866 | -3/Section 7 | Installed Navigation Efficiency Matrix, process failed with unexpected side effects 10878 | -3/Section 7 | Spotted B-86 Titan 10905 | -3/Section 7 | Found Integrated Reactor 10905 | -3/Section 7 | Installed Integrated Reactor, increased core energy generation (+10) 11026 | -3/Section 7 | Found Integrated Mediator 11027 | -3/Section 7 | Installed Integrated Mediator, increased core attachment efficiency. 11069 | -3/Section 7 | Warped through subspace 11077 | -3/Section 7 | Warped through subspace 11182 | -3/Section 7 | Warped through subspace 11205 | -3/Section 7 | Build established: Hacker-Sprinter 11209 | -3/Section 7 | Spotted Striker 11209 | -3/Section 7 | Spotted Executioner 11292 | -3/Section 7 | Found Integrated Reactor 11292 | -3/Section 7 | Installed Integrated Reactor, increased core energy generation (+10) 11331 | -3/Section 7 | Spotted S7 Guard 11342 | -3/Section 7 | Found Sigix Shearcannon 11347 | -3/Section 7 | Discovered exit to Research (range 8) 11348 | -3/Section 7 | Spotted Executioner 11348 | -3/Section 7 | Spotted Striker 11348 | -3/Section 7 | Scanned by Researcher 11349 | -3/Section 7 | Intercept squad dispatched 11351 | -3/Section 7 | Spotted Tracker 11354 | -3/Section 7 | Core integrity fell below 50% 11355 | -3/Section 7 | Spotted Combat Programmer 11356 | -3/Section 7 | Spotted Striker 11366 | -3/Section 7 | Core integrity fell below 20% 11368 | -3/Section 7 | Destroyed by H-77 Assassin with High-powered Shotgun Last Messages --------------- 11362_ Exp. Q-thruster destroyed. 11362_ Penetrated by Slug. 11363_ Slug penetrates Wall. 11365_ Penetrated by Slug. 11365_ Adv. Hacking Suite destroyed. 11365_ Penetrated by Slug. 11365_ Cld. Q-thruster destroyed. 11365_ Penetrated by Slug. 11365_ Slug penetrates Wall. 11368_ Slug penetrates Tracker. 11368_ Slug penetrates Earth. 11368_ Penetrated by Slug. 11368_ Slug penetrates Earth. 11368_ Slug penetrates Wall. 11368_ Penetrated by Slug. 11368_ Exp. Energy Well destroyed. 11368_ Penetrated by Slug. 11368_ Adv. Hacking Suite destroyed. 11368_ Slug penetrates G-67 Veteran. 11368_ B-74 Champion suffers critical hit (Destroy). Map ----- +----------------------------------------------------+ | | | | | | | | | | | | | ?????????????????????????????????????????????????? | | ?????????????????????????????????????????????????? | | ?????????????????????????????????????????????????? | | ?????????????????????????????????????????????????? | | ????????????????????????????????o????????????????? | | ?????????????????????????????????????????????????? | | ?????????????????????????????????????????????????? | | ?????????????????????????????????????????????????? | | ?????????????????????????????????????????????????? | | ????????????????????##### ???????????????????????? | | ????????????????????# ### ???????????????????????? | | ??????????????????### ###########??????????????? | | ??????????????????#### ##%] !#??????????????? | | ??????????????????##" #]] = #??????????????? | | ??????????????????##%c #igE ##?????????????? | | ??????????????????##%